 Dungeon Crawl Stone Soup version 0.28.0-53-g5a82cb258f (webtiles) character file.

Game seed: 8610372372275100348

387 issech the Chopper (level 6, -1/50 (56) HPs)
             Began as a Minotaur Monk on June 4, 2022.
             Slain by a necrophage (2 damage)
             ... on level 4 of the Dungeon.
             The game lasted 00:08:51 (4180 turns).

issech the Chopper (Minotaur Monk)                  Turns: 4180, Time: 00:08:51

HP:   -1/50 (56)    AC: 11    Str: 15    XL:     6   Next: 49%
MP:   5/5           EV:  5    Int:  7    God:
Gold: 87            SH:  0    Dex: 15    Spells: 5/5 levels left

rFire   . . .      SeeInvis .   a - +0 hand axe
rCold   + . .      Faith    .   (no shield)
rNeg    . . .      Spirit   .   h - +0 plate armour
rPois   .          Reflect  .   (helmet restricted)
rElec   .          Harm     .   (no cloak)
rCorr   .          Rampage  .   (no gloves)
Will    .....                   (no boots)
Stlth   ..........              (no amulet)
HPRegen 0.16/turn               r - ring of protection from cold
MPRegen 0.09/turn               (no ring)

@: heavily drained
A: horns 2, retaliatory headbutt
a: no special abilities


You were on level 4 of the Dungeon.
You visited 1 branch of the dungeon, and saw 4 of its levels.

You collected 87 gold pieces.

Inventory:

Hand Weapons
 a - a +0 hand axe (weapon)
 i - a +0 vampiric whip
 k - a +0 long sword
 l - a +0 hunting sling
Missiles
 e - 116 stones (quivered)
 m - 2 silver boomerangs
 q - 18 sling bullets
Armour
 b - a +0 robe
 h - a +0 plate armour (worn)
Jewellery
 r - a ring of protection from cold (left hand)
Scrolls
 d - 8 scrolls of identify {unknown}
 g - a scroll of enchant armour {unknown}
 j - a scroll of brand weapon {unknown}
 n - 3 scrolls of teleportation {unknown}
 o - a scroll of blinking {unknown}
 p - 2 scrolls of enchant weapon {unknown}
Potions
 c - 2 potions of mutation {unknown}
 f - 2 potions of might {unknown}


   Skills:
 + Level 5.2 Fighting
 + Level 6.2 Axes
 + Level 3.3 Armour
 + Level 4.0 Dodging
 + Level 2.2 Stealth


You had 5 spell levels left.
You didn't know any spells.
Your spell library was empty.

Dungeon Overview and Level Annotations

Branches:
Dungeon (4/15)
 Temple: D:4-7

Altars:

Shops:
D:4 :

Annotations:
D:3 2 transporters


Innate Abilities, Weirdness & Mutations

You have a pair of horns on your head.
You reflexively headbutt those who attack you in melee.


Message History

* * * LOW HITPOINT WARNING * * *
The wight barely misses you.
There is a stone staircase leading up here.
You slash the wight!
The wight is almost destroyed.
The wight hits you but does no damage.
You hit the wight but do no damage.
The wight is almost destroyed.
The wight hits you but does no damage.
You closely miss the wight.
The wight is almost destroyed.
The wight completely misses you.
You hit the wight but do no damage.
The wight is almost destroyed.
The wight hits you with a +1 morningstar.
You closely miss the wight.
The wight is almost destroyed.
The wight barely misses you.
You hit the wight but do no damage. Your headbutt misses the wight.
The wight is almost destroyed.
The wight hits you with a +1 morningstar!
* * * LOW HITPOINT WARNING * * *
You hit the wight.
You destroy the wight!
Your Stealth skill increases to level 2!
You closely miss the necrophage.
The necrophage is moderately damaged.
The necrophage hits you but does no damage.
You closely miss the necrophage. You headbutt the necrophage!
The necrophage is severely damaged.
The necrophage hits you but does no damage.
You hit the necrophage.
The necrophage is severely damaged.
The necrophage hits you but does no damage.
You hit the necrophage. Your headbutt misses the necrophage.
The necrophage is almost destroyed.
The necrophage hits you.
* * * LOW HITPOINT WARNING * * *
You feel drained.
You die...

### ##.## ##...##############
##......<......n...#
#.......##########n# ##.....##
#.# ###### ##...## ######.#
##.⌠.⌠# ##...#######......#
....∩.#####.....@n..........###.
...⌠.⌠...##.....######...........
####..##.#.......# #...........
#..##.##.....######.........>#
#.n##.##...÷.......########..# ##
#..##.##.#.#######. ..# .#
#..##.##.#.# #. .# .#
#..##.##...#######. .#
#..##†###........>


You could see a necrophage.

Vanquished Creatures
  2 scorpions (D:4)
  A wight (D:4)
  A hound (D:4)
  Natasha (thrice) (D:2)
  Robin (D:2)
  2 adders (D:2)
  A worm (D:1)
  2 dart slugs (D:2)
  7 orcs (D:3)
  7 endoplasms
  3 giant cockroaches
  15 goblins
  8 hobgoblins
  4 jackals
  4 quokkas
  3 ball pythons
  4 bats
  6 frilled lizards
  7 kobolds
  8 rats
89 creatures vanquished.

Notes
Turn   | Place    | Note
-------+----------+-------------------------------------------
     0 | D:1      | issech the Minotaur Monk began the quest for the Orb.
     0 | D:1      | Reached XP level 1. HP: 19/19 MP: 0/0
   154 | D:1      | Found a faded altar of an unknown god.
   169 | D:1      | Reached XP level 2. HP: 12/27 MP: 1/1
   826 | D:1      | Reached skill level 4 in Axes
  1511 | D:2      | Reached XP level 3. HP: 31/33 MP: 2/2
  1692 | D:2      | Noticed Robin
  1707 | D:2      | Killed Robin
  1915 | D:2      | Reached XP level 4. HP: 31/41 MP: 3/3
  2200 | D:2      | Noticed Natasha
  2208 | D:2      | Killed Natasha
  2209 | D:2      | Reached skill level 5 in Axes
  2209 | D:2      | Reached skill level 1 in Armour
  2383 | D:2      | Noticed Natasha
  2399 | D:2      | Killed Natasha
  2400 | D:2      | Reached XP level 5. HP: 35/47 MP: 4/4
  2497 | D:2      | Noticed Natasha
  2505 | D:2      | Killed Natasha
  2934 | D:3      | Reached skill level 5 in Fighting
  3035 | D:3      | Found a transporter.
  3044 | D:3      | Found a transporter.
  3906 | D:4      | Reached skill level 6 in Axes
  3906 | D:4      | Reached XP level 6. HP: 55/56 MP: 5/5
  3918 | D:4      | Found Uvaesiots's Book Shop.
  4180 | D:4      | HP: 1/52 [necrophage (5)]
  4180 | D:4      | Slain by a necrophage

Illustrated notes

Levels and vault maps discovered:
D:1:      dpeg_arrival_three_same_balls, layout_basic, basic_ecumenical_altar
D:2:      layout_loops_ring, uniq_natasha, uniq_robin
D:3:      gammafunk_wand_slinger, layout_basic, kennysheep_generic_room_12
D:4:      layout_loops_ring, serial_shops, shop_fountains,
          minmay_goblin_kobold_house

Skill      XL: |  1  2  3  4  5  6 |
---------------+-------------------+-----
Fighting       | 4 5 |  5.2
Axes           | 4 5 6 |  6.2
Armour         | 1 2 3 |  3.3
Dodging        | 4 |  4.0
Stealth        | 2 |  2.2

Action                   |  1- 3 |  4- 6 || total
-------------------------+-------+-------++-------
Melee: Hand axe          |   106 |   152 ||   258
       Headbutt          |    14 |    28 ||    42
Armor: Robe              |     5 |       ||     5
       Plate armour      |    70 |    93 ||   163
Dodge: Dodged            |    37 |    39 ||    76
